 Dungeon Crawl Stone Soup version 0.24-a0-347-g1a3e1d35ff (webtiles) character file.

Game seed: 14099191796276193112

4914 mhoghedin the Frost Mage (level 10, -1/84 HPs)
             Began as a Yellow Draconian Ice Elementalist on May 22, 2019.
             Was a Believer of Kikubaaqudgha.
             Slain by Harold
             ... wielding a +0 halberd
              (25 damage)
             ... on level 10 of the Dungeon.
             The game lasted 00:25:53 (11806 turns).

mhoghedin the Frost Mage (DrIE)                    Turns: 11806, Time: 00:25:54

Health: -1/84      AC: 11    Str: 11    XL:     10   Next: 27%
Magic:  12/18      EV: 12    Int: 19    God:    Kikubaaqudgha [**....]
Gold:   213        SH:  5    Dex: 11    Spells: 0/19 levels left

rFire    . . .     SeeInvis .   b - +7 rapier "Immeock" {elec, +Blink}
rCold    . . .     Gourm    .   s - +0 buckler
rNeg     + . .     Faith    .   (armour unavailable)
rPois    .         Spirit   .   (helmet restricted)
rElec    .         Reflect  .   F - +1 cloak
rCorr    +         Harm     .   h - +0 pair of gloves
MR       +....                  t - +0 pair of boots
Stlth    ++........             (no amulet)
HPRegen  0.24/turn              c - ring of positive energy {rN+}
MPRegen  0.16/turn              g - ring of protection from magic {MR+, !d}

@: short of breath, very slightly contaminated, studying Slings
A: spit acid, unfitting armour, cold-blooded, acid resistance, AC +7
a: Breathe Acid, Receive Corpses, Renounce Religion, Evoke Blink


You were on level 10 of the Dungeon.
You worshipped Kikubaaqudgha.
Kikubaaqudgha was pleased with you.
You were not hungry.

You visited 2 branches of the dungeon, and saw 11 of its levels.
You also visited: Ossuary.

You collected 373 gold pieces.
You spent 160 gold pieces at shops.

Inventory:

Hand Weapons
 a - a +0 trident of pain
   (You took it off an orc priest on level 4 of the Dungeon)
 b - the +7 rapier "Immeock" (weapon) {elec, +Blink}
   (You found it on level 7 of the Dungeon)

   Occasionally, upon striking a foe, it will discharge some electrical energy
   and cause terrible harm.
   It lets you blink.
 n - a +0 hunting sling
   (You found it on level 5 of the Dungeon)
Missiles
 w - a throwing net {=f, !d}
Armour
 h - a +0 pair of gloves (worn)
   (You found it on level 2 of the Dungeon)
 s - a +0 buckler (worn)
   (You found it on level 5 of the Dungeon)
 t - a +0 pair of boots (worn)
   (You found it on level 4 of the Dungeon)
 F - a +1 cloak (worn)
   (You found it on level 6 of the Dungeon)
Magical Staves
 A - an uncursed staff of air {rElec}
   (You found it on level 7 of the Dungeon)
 I - an uncursed staff of summoning {!a}
   (You found it on level 7 of the Dungeon)
Jewellery
 c - a ring of positive energy (left hand) {rN+}
   (You found it on level 2 of the Dungeon)
 g - a ring of protection from magic (right hand) {MR+, !d}
   (You found it on level 7 of the Dungeon)
 o - an uncursed ring of flight {+Fly, !d}
   (You found it on level 3 of the Dungeon)
 L - a +4 ring of intelligence {unknown}
   (You found it on level 9 of the Dungeon)
Wands
 u - a wand of acid (8)
   (You found it on level 7 of the Dungeon)
 K - a wand of iceblast (6)
   (You found it on level 9 of the Dungeon)
Scrolls
 d - 9 scrolls of remove curse
 j - 3 scrolls of fear
 y - a scroll of amnesia
 C - 2 scrolls of teleportation
 E - 2 scrolls of immolation {unknown}
 H - 2 scrolls of magic mapping {!r}
 M - a scroll of blinking {!r}
 O - a scroll of identify
 P - a scroll of enchant weapon {unknown}
Potions
 e - 7 potions of curing
 f - 2 potions of flight
 i - a potion of mutation {!q}
 l - 4 potions of brilliance
 m - 2 potions of degeneration {!q}
 q - 2 potions of heal wounds
 r - a potion of haste
 v - 4 potions of lignification {!q}
 x - a potion of invisibility {unknown}
 z - a potion of resistance
 B - a potion of ambrosia {unknown}
 D - a potion of agility
 G - 3 potions of might {unknown}
 J - a potion of cancellation
Books
 k - a manual of Slings {!d}
   (You found it on level 6 of the Dungeon)
Comestibles
 p - 11 rations


   Skills:
 + Level 6.8 Fighting
 - Level 5.8 Short Blades
 + Level 2.5 Dodging
 - Level 1.7 Stealth
 - Level 5.0 Shields
 - Level 5.3 Spellcasting
 - Level 3.9 Conjurations
 - Level 3.6 Summonings
 + Level 2.6 Necromancy
 - Level 8.0 Ice Magic


You couldn't memorise any spells.
You knew the following spells:

 Your Spells              Type           Power        Failure   Level  Hunger
a - Freeze                Ice            ####         1%          1    None
b - Throw Icicle          Conj/Ice       ####....     11%         4    ####...
c - Summon Ice Beast      Ice/Summ       ####....     11%         4    ####...
d - Vampiric Draining     Necr           ###.......   12%         3    ##.....
m - Sublimation of Blood  Necr           ###.......   6%          2    None
x - Throw Frost           Conj/Ice       ####..       1%          2    None
A - Ozocubu's Armour      Chrm/Ice       ###.....     7%          3    ##.....

Your spell library contained the following spells:

 Spells                   Type           Power        Failure   Level  Hunger
 Pain                     Necr           ###.         4%          1    None
 Corpse Rot               Necr           N/A          6%          2    None
 Sandblast                Erth           #.....       12%         1    None
 Stone Arrow              Conj/Erth      ##....       16%         3    ##.....
 Passwall                 Tmut/Erth      #.......     19%         2    None
 Petrify                  Tmut/Erth      #.......     75%         4    ####...
 Lee's Rapid Deconstruct  Erth           #.........   97%         5    #####..


Dungeon Overview and Level Annotations

Branches:
Dungeon (10/15)            Temple (1/1) D:6
   Lair: D:8-11         Orc: D:9-12

Altars:
Ashenzari
Cheibriados
Elyvilon
Fedhas
Gozag
Hepliaklqana
Kikubaaqudgha
Makhleb
Nemelex Xobeh
Okawaru
Qazlal
Ru
Sif Muna
Trog
Uskayaw
Vehumet
Wu Jian
Xom
Yredelemnul
Zin
The Shining One
Beogh

Shops:
D:7 !   D:9 *

Annotations:
D:4 Pikel
D:9 3 runed translucent doors, Loge's ghost, novice TeAE
D:10 Harold


Innate Abilities, Weirdness & Mutations

You can spit globs of acid.
Your golden yellow scales are hard. (AC +7)
You cannot fit into any form of body armour.
You are cold-blooded and may be slowed by cold attacks.
You are resistant to acid. (rCorr)


Message History

The hound barks!
You hear a bark!
The hound bites you.
You regained 3 hp, and now have 61/84 hp.
You now have 15/18 mp.
Aim: a hound (heavily wounded)
You feel life coursing into your body.
The hound barks!
You block the hound's attack. The hound bites you but does no damage.
You regained 5 hp, and now have 66/84 hp.
You now have 12/18 mp.
Aim: a hound (almost dead)
You kill the hound!
Kikubaaqudgha accepts your kill.
You feel life coursing into your body.
You now have 9/18 mp.
You block the hound's attack.
There is an open door here.
You block the hound's attack.
There is a stone staircase leading up, spattered with blood here.
You barely miss the hound. The hound bites you but does no damage.
You puncture the hound! The hound misses you.
You completely miss the hound.
You tail-slap the hound, but do no damage.
The hound bites you but does no damage.
You barely miss the hound. You tail-slap the hound.
The hound bites you but does no damage. x3
You hit the hound but do no damage.
Your tail-slap misses the hound.
The hound misses you. The hound bites you but does no damage.
You puncture the hound!
You kill the hound!
Kikubaaqudgha accepts your kill.
You hit the hound. The hound bites you but does no damage.
The hound closely misses you. The hound bites you.
You take 1 damage, and have 68/84 hp.
You puncture the hound! Lightning courses through the hound!
You kill the hound!
Kikubaaqudgha accepts your kill.
You hear a bark!
The hound bites you.
You take 3 damage, and have 65/84 hp.
You closely miss the hound. The hound misses you.
The hound bites you but does no damage.
You closely miss the hound. The hound bites you.
The hound bites you but does no damage.
You take 3 damage, and have 62/84 hp.
You hit the hound. The hound barely misses you. The hound bites you.
The hound closely misses you.
You take 5 damage, and have 57/84 hp.
You hit the hound. You tail-slap the hound. The hound barely misses you.
The hound closely misses you. The hound bites you but does no damage.
You hit the hound. The hound barely misses you. x2
You puncture the hound! Lightning courses through the hound!
You kill the hound!
Kikubaaqudgha accepts your kill. The hound bites you but does no damage.
You puncture the hound! Lightning courses through the hound!
You kill the hound!
Kikubaaqudgha accepts your kill.
No target in view!
You start resting.
Health restored: 84; MP restored: 18
There is an open door, spattered with blood here.
You see here a hound corpse.
You see here a hound corpse.
You open the door.
A two-headed ogre and Harold come into view.
Harold hits you from afar with a +0 halberd!
There is an open door, spattered with blood here.
You take 10 damage, and have 74/84 hp.
Aim: a two-headed ogre, wielding a -2 giant club and a +0 giant club The mass of ice explodes!
The iceblast engulfs the two-headed ogre!
The iceblast engulfs Harold.
Aim: a two-headed ogre, wielding a -2 giant club and a +0 giant club (lightly wounded)
You spit a glob of acid.
The glob of acid hits the two-headed ogre!
The two-headed ogre is splashed with acid.
The two-headed ogre is splashed with acid!
You feel somewhat more hungry.
Harold hits you from afar with a +0 halberd!
The two-headed ogre hits you but does no damage.
The two-headed ogre hits you with a +0 giant club!!
You take 31 damage, and have 43/84 hp.
MASSIVE DAMAGE!!
Aim: a two-headed ogre, wielding a -2 giant club and a +0 giant club (severely wounded)
You miscast Vampiric Draining.
You are very lightly contaminated with residual magic.
Kikubaaqudgha protects you from your miscast necromantic spell!
The two-headed ogre barely misses you.
The two-headed ogre completely misses you.
Harold hits you from afar with a +0 halberd.
You take 6 damage, and have 37/84 hp.
You now have 15/18 mp.
Aim: a two-headed ogre, wielding a -2 giant club and a +0 giant club (severely wounded)
You feel life coursing into your body.
The two-headed ogre hits you with a cursed -2 giant club!
The two-headed ogre hits you with a +0 giant club!
* * * LOW HITPOINT WARNING * * *
Harold hits you from afar with a +0 halberd!!
You die...
Kikubaaqudgha rasps: "You have failed me!
Welcome... death!"

........###..######..# ###.......
........'.#..#....#..###.........
.......h#.#..#...o#..##..#oO.....
....<...#.#..#..ooO).##o##.......
.......h#.#..#._.o#)o##O##...o...
........#.'†.#..oo#.O'..#######.#
≈;.....####<†######..#### #..#
≈......#####†######### #.##
≈..≈..........†.@.# #.#
≈≈≈≈....#########O# #.# ≈≈≈.≈...#
#...@...# ####'## h≈≈≈....#
#.@.....+ #...... #.......#
#...... #.......# #..oo..
#....(..# #..o... #.......#
+...... #.......# #...<..


You could see Harold and a two-headed ogre.

Vanquished Creatures
  2 hippogriffs (D:9)
  6 yaks (D:9)
  Menkaure (D:6)
  An ice beast (D:5)
  A slave (D:3)
  An orc warrior (D:6)
  A sky beast (D:9)
  A necrophage (D:8)
  2 ogres
  2 phantoms
  2 wolves (D:10)
  6 centaurs
  Blork the orc (D:6)
  A scorpion (D:6)
  3 killer bees
  3 crimson imps
  3 orc priests
  8 hounds
  A bullfrog skeleton (D:6)
  3 orc wizards
  A centaur skeleton (D:5)
  2 iguanas
  Natasha (twice) (D:4)
  3 worker ants
  A hound zombie (D:5)
  A hound skeleton (D:6)
  2 worker ant zombies (D:5)
  8 adders
  A white imp (D:9)
  2 oozes
  An adder zombie (D:7)
  An adder skeleton (D:6)
  5 worms (D:3)
  3 dart slugs
  3 leopard geckos
  26 orcs
  7 bats
  3 giant cockroaches
  4 goblins
  6 hobgoblins
  8 jackals
  6 quokkas
  2 ball pythons
  10 frilled lizards
  6 gnoll skeletons (Ossuary)
  A goblin skeleton (D:9)
  A goblin zombie (D:9)
  5 hobgoblin zombies (D:9)
  5 kobolds
  6 kobold skeletons
  A kobold zombie (D:9)
  2 leopard gecko skeletons
  A leopard gecko zombie (D:5)
  12 orc skeletons
  An orc zombie (D:9)
  A quokka zombie (D:9)
  10 rats
209 creatures vanquished.

Vanquished Creatures (collateral kills)
  A komodo dragon (D:10)
  Prince Ribbit (D:6)
  A hippogriff (D:7)
  A wraith (Ossuary)
  2 orc warriors (D:10)
  A necrophage (D:10)
  An ogre (D:9)
  2 centaurs (D:6)
  A bullfrog (D:9)
  A scorpion (D:6)
  An orc wizard (D:6)
  A mummy (Ossuary)
  An adder skeleton (D:6)
  An adder zombie (D:7)
  5 orcs
  A gnoll skeleton (Ossuary)
  A kobold skeleton (Ossuary)
  2 orc skeletons (Ossuary)
25 creatures vanquished.

Vanquished Creatures (others)
  A plant (D:9)
1 creature vanquished.

Grand Total: 235 creatures vanquished

Notes
Turn   | Place    | Note
-------+----------+-------------------------------------------
     0 | D:1      | mhoghedin the Draconian Ice Elementalist began the quest
                  | for the Orb.
     0 | D:1      | Reached XP level 1. HP: 14/14 MP: 3/3
   386 | D:1      | Reached XP level 2. HP: 17/20 MP: 3/5
   406 | D:1      | You fall into a shaft and drop 1 floor!
   742 | D:2      | Reached XP level 3. HP: 20/26 MP: 1/7
  1359 | D:1      | Reached skill level 3 in Spellcasting
  1386 | D:1      | Learned a level 2 spell: Throw Frost
  1390 | D:1      | Learned a level 3 spell: Ozocubu's Armour
  2003 | D:3      | Reached skill level 4 in Ice Magic
  2014 | D:3      | Reached XP level 4. HP: 22/33 MP: 0/9
  2667 | D:3      | Reached XP level 5. HP: 14/38 MP: 2/10
  2859 | D:3      | Found a snail-covered altar of Cheibriados.
  2860 | D:3      | Found a shimmering altar of Xom.
  3334 | D:4      | Noticed a slave
  3472 | D:4      | Reached skill level 4 in Spellcasting
  3511 | D:4      | Reached skill level 5 in Ice Magic
  3625 | D:4      | Noticed an ogre
  3634 | D:4      | Killed an ogre
  3634 | D:4      | Reached XP level 6. HP: 14/45 MP: 1/12
  4293 | D:4      | Noticed a slave
  4360 | D:3      | Killed a slave
  4560 | D:4      | Noticed Natasha
  4587 | D:4      | Killed Natasha
  4587 | D:4      | Reached skill level 5 in Spellcasting
  4593 | D:4      | Learned a level 4 spell: Throw Icicle
  4598 | D:4      | Learned a level 4 spell: Summon Ice Beast
  4870 | D:4      | Noticed Pikel
  4870 | D:4      | Noticed a slave
  4870 | D:4      | Noticed a slave
  4904 | D:4      | Noticed Natasha
  5230 | D:5      | Entered Level 5 of the Dungeon
  5292 | D:5      | Noticed an ice beast
  5293 | D:5      | Found a blossoming altar of Fedhas.
  5347 | D:5      | Killed an ice beast
  5347 | D:5      | Reached skill level 1 in Summonings
  5347 | D:5      | Reached skill level 6 in Ice Magic
  5347 | D:5      | Your scales start taking on a golden yellow colour.
  5347 | D:5      | Reached XP level 7. HP: 37/50 MP: 14/14
  5347 | D:5      | Gained mutation: You are resistant to acid. (rCorr) [Yellow
                  | Draconian growth]
  5483 | D:5      | Reached skill level 2 in Conjurations
  5484 | D:5      | You fall into a shaft and drop 2 floors!
  5484 | D:7      | Found a sparkling altar of Nemelex Xobeh.
  5493 | D:7      | Found Mollod's Distillery.
  5503 | D:7      | HP: 12/50 [centaur/arrow (9)]
  5527 | D:7      | Reached skill level 2 in Summonings
  5585 | D:7      | Bought 2 potions of heal wounds for 160 gold pieces
  5620 | D:7      | Noticed a hippogriff
  5628 | D:7      | Killed a hippogriff
  5783 | D:7      | Found a sand-covered staircase.
  5798 | Ossuary  | Entered an ossuary
  5798 | Ossuary  | Noticed a wraith
  5798 | Ossuary  | Noticed a wraith
  5798 | Ossuary  | Noticed a wraith
  6015 | Ossuary  | Noticed a wraith
  6025 | Ossuary  | Killed a wraith
  6025 | Ossuary  | Reached skill level 3 in Conjurations
  6025 | Ossuary  | Reached skill level 3 in Summonings
  6422 | D:6      | Reached XP level 8. HP: 29/57 MP: 3/15
  6533 | D:6      | Noticed Prince Ribbit
  6546 | D:6      | Killed Prince Ribbit
  6546 | D:6      | Reached skill level 7 in Ice Magic
  6762 | D:6      | Found a radiant altar of Vehumet.
  6903 | D:6      | Reached skill level 1 in Fighting
  6946 | D:6      | Found a staircase to the Ecumenical Temple.
  6962 | Temple   | Entered the Ecumenical Temple
  7160 | Temple   | Became a worshipper of Kikubaaqudgha
  7194 | D:6      | Reached skill level 2 in Fighting
  7218 | D:6      | Noticed Blork the orc
  7237 | D:6      | Killed Blork the orc
  7382 | D:6      | Reached skill level 3 in Fighting
  7695 | D:6      | Reached skill level 8 in Ice Magic
  7712 | D:6      | Noticed Menkaure
  7720 | D:6      | Killed Menkaure
  7720 | D:6      | Reached skill level 4 in Fighting
  7857 | D:6      | Reached skill level 5 in Fighting
  8516 | D:5      | Reached XP level 9. HP: 67/74 MP: 16/16
  8898 | D:4      | Killed Natasha
  9060 | D:7      | Got a shimmering rapier
  9061 | D:7      | Identified the +7 rapier "Immeock" {elec, +Blink} (You
                  | found it on level 7 of the Dungeon)
  9316 | D:8      | Reached * piety under Kikubaaqudgha
  9316 | D:8      | Identified Kikubaaqudgha's Collected Works on Necromancy
                  | (Kikubaaqudgha gifted it to you on level 8 of the Dungeon)
  9316 | D:8      | Received a gift from Kikubaaqudgha
  9466 | D:8      | Reached skill level 1 in Short Blades
  9466 | D:8      | Reached skill level 1 in Shields
  9563 | D:8      | Reached skill level 2 in Short Blades
  9563 | D:8      | Reached skill level 2 in Shields
  9964 | D:8      | Learned a level 3 spell: Vampiric Draining
 10091 | D:9      | Found a runed translucent gate.
 10098 | D:9      | Reached skill level 3 in Short Blades
 10098 | D:9      | Reached skill level 3 in Shields
 10108 | D:9      | Found a runed translucent gate.
 10109 | D:9      | Found a runed translucent gate.
 10112 | D:9      | Noticed Loge's ghost (novice TeAE)
 10112 | D:9      | Noticed a nine-headed hydra
 10359 | D:9      | Found a glowing golden altar of the Shining One.
 10372 | D:9      | Reached ** piety under Kikubaaqudgha
 10414 | D:9      | Reached skill level 4 in Short Blades
 10414 | D:9      | Reached skill level 4 in Shields
 10429 | D:9      | Reached skill level 5 in Short Blades
 10429 | D:9      | Reached skill level 5 in Shields
 10436 | D:9      | HP: 16/74 [yak (9)]
 10437 | D:9      | HP: 5/75 [yak (12)]
 10447 | D:9      | Reached skill level 6 in Fighting
 10694 | D:9      | Found Namiguf's Assorted Antiques.
 10736 | D:9      | Reached XP level 10. HP: 68/84 MP: 17/17
 10831 | D:10     | Entered Level 10 of the Dungeon
 10853 | D:10     | Reached skill level 1 in Necromancy
 10882 | D:10     | Found a roughly hewn altar of Beogh.
 10890 | D:10     | HP: 4/84 [orc warrior/+0 trident (23)]
 11225 | D:9      | Learned a level 2 spell: Sublimation of Blood
 11353 | D:10     | Reached skill level 2 in Dodging
 11354 | D:10     | Reached skill level 2 in Necromancy
 11800 | D:10     | Noticed Harold
 11800 | D:10     | Noticed a two-headed ogre
 11806 | D:10     | Slain by Harold

Levels and vault maps discovered:
D:1:      lemuel_arrival_cross, layout_loops_corners
D:2:      layout_loops_ring, minmay_misc_feat_five
D:3:      layout_loops_ring, nicolae_overflow_hidden_temple
D:4:      layout_cave_pods, first_ration, grunt_decor_resistance, uniq_pikel,
          uniq_natasha
D:5:      layout_basic, fedhas_bush_and_centaur_altar
D:6:      layout_loops_corners, lemuel_crystal_altar,
          minmay_temple_entry_antechambers, minmay_manual_mares, uniq_menkaure,
          uniq_prince_ribbit1, uniq_blork_the_orc
D:7:      layout_rooms, lemuel_crystal_altar,
          nicolae_ossuary_entry_false_entrances, serial_shops,
          nicolae_shop_stone
D:8:      layout_basic
D:9:      layout_roguey, nicolae_tso_besieged_by_evil, serial_shops,
          kennysheep_mini_moat, gammafunk_ghost_hydra_chop
D:10:     layout_roguey, erik_lair_island, special_room [special_room_orc],
          uniq_harold
Temple:   regret_index_temple_generic_petals

Skill      XL: |  1  2  3  4  5  6  7  8  9 10 |
---------------+-------------------------------+-----
Spellcasting   | 3 4 5 |  5.3
Ice Magic      | 4 5 6 8 |  8.0
Summonings     | 1 3 |  3.6
Conjurations   | 3 |  3.9
Fighting       | 5 6 |  6.8
Short Blades   | 5 |  5.8
Shields        | 5 |  5.0
Necromancy     | 2 |  2.6
Dodging        | 2 |  2.5
Stealth        | |  1.7

Action                   |  1- 3 |  4- 6 |  7- 9 | 10-12 || total
-------------------------+-------+-------+-------+-------++-------
Melee: Unarmed           |    26 |       |       |       ||    26
       Tailslap          |     4 |     6 |    25 |     5 ||    40
       Whip              |    32 |     9 |       |       ||    41
       Flail             |       |    75 |   185 |       ||   260
       Rapier            |       |       |   130 |    54 ||   184
       Trident           |       |       |       |     1 ||     1
 Cast: Freeze            |    59 |    76 |     5 |       ||   140
       Throw Frost       |       |    10 |     1 |       ||    11
       Ozocubu's Armour  |       |     1 |     4 |       ||     5
       Summon Ice Beast  |       |       |    24 |     5 ||    29
       Throw Icicle      |       |       |     1 |       ||     1
       Vampiric Draining |       |       |     4 |     4 ||     8
 Abil: Breathe Acid      |       |       |    17 |     1 ||    18
Evoke: Wand              |       |       |     4 |     1 ||     5
  Use: Potion            |       |     6 |     3 |       ||     9
       Scroll            |       |     4 |    13 |       ||    17
 Stab: Sleeping          |       |       |     5 |       ||     5
  Eat: Chunk             |     3 |     8 |     9 |     1 ||    21
       Ration            |       |     1 |     5 |     1 ||     7
Armor: Skin              |    42 |    41 |   138 |    37 ||   258
Dodge: Dodged            |    69 |    87 |   259 |    50 ||   465
Block: Buckler           |       |       |    25 |    22 ||    47

Table legend:
 A = Non-vault XP
 B = Vault XP
 C = Vault XP percentage of total XP
 D = Non-vault monster count
 E = Vault monster count
 F = Vault count percentage of total count
                 A         B        C        D         E       F
            +---------+---------+-------+---------+---------+-------
      Total |    5394 |    1626 |  23.2 |     171 |      62 |  26.6
            +---------+---------+-------+---------+---------+-------
        D:1 |      31 |       0 |   0.0 |      21 |       0 |   0.0
        D:2 |      50 |       0 |   0.0 |      22 |       0 |   0.0
        D:3 |     148 |       0 |   0.0 |      22 |       0 |   0.0
        D:4 |     472 |      35 |   6.9 |      18 |       1 |   5.3
        D:5 |     292 |     110 |  27.4 |      17 |       1 |   5.6
        D:6 |     744 |     537 |  41.9 |      23 |       5 |  17.9
        D:7 |     269 |       0 |   0.0 |       6 |       0 |   0.0
        D:8 |     553 |       0 |   0.0 |      12 |       0 |   0.0
        D:9 |    2312 |     140 |   5.7 |      24 |      14 |  36.8
       D:10 |     523 |     617 |  54.1 |       6 |      14 |  70.0
    Ossuary |       0 |     187 | 100.0 |       0 |      27 | 100.0
            +---------+---------+-------+---------+---------+-------

Levels and vault maps discovered:
D:1:      lemuel_arrival_cross, layout_loops_corners
D:2:      layout_loops_ring, minmay_misc_feat_five
D:3:      layout_loops_ring, nicolae_overflow_hidden_temple
D:4:      layout_cave_pods, first_ration, grunt_decor_resistance, uniq_pikel,
          uniq_natasha
D:5:      layout_basic, fedhas_bush_and_centaur_altar
D:6:      layout_loops_corners, lemuel_crystal_altar,
          minmay_temple_entry_antechambers, minmay_manual_mares, uniq_menkaure,
          uniq_prince_ribbit1, uniq_blork_the_orc
D:7:      layout_rooms, lemuel_crystal_altar,
          nicolae_ossuary_entry_false_entrances, serial_shops,
          nicolae_shop_stone
D:8:      layout_basic
D:9:      layout_roguey, nicolae_tso_besieged_by_evil, serial_shops,
          kennysheep_mini_moat, gammafunk_ghost_hydra_chop
D:10:     layout_roguey, erik_lair_island, special_room [special_room_orc],
          uniq_harold
Temple:   regret_index_temple_generic_petals

Table legend:
 A = Turns spent in this place as a percentage of turns spent in the entire game.
 B = Non-inter-level travel turns spent in this place as a percentage of non-inter-level travel turns spent in the entire game.
 C = Inter-level travel turns spent in this place as a percentage of turns spent in this place.
 D = Turns resting spent in this place as a percentage of non-inter-level travel turns spent in this place.
 E = Turns spent auto-exploring this place as a percentage of non-inter-level travel turns spent in this place.
 F = Non-inter-level travel turns spent in this place divided by the number of levels of this place that you've seen.
                   A       B       C       D       E      F
               +-------+-------+-------+-------+-------+----------------------
         Total | 100.0 | 100.0 |   5.8 |  30.7 |  49.2 | 926.3
       Dungeon |  95.2 |  95.2 |   5.9 |  31.0 |  49.3 | 1057.8
        Temple |   1.9 |   1.8 |  12.3 |   0.0 |  97.5 | 199.0
       Ossuary |   2.9 |   3.0 |   0.0 |  40.1 |  20.1 | 339.0
               +-------+-------+-------+-------+-------+----------------------

Table legend:
 A = Kills in this place as a percentage of kills in entire the game.
 B = Kills by you in this place as a percentage of kills by you in the entire game.
 C = Kills by friends in this place as a percentage of kills by friends in the entire game.
 D = Other kills in this place as a percentage of other kills in the entire game.
 E = Experience gained in this place as a percentage of experience gained in the entire game.
 F = Experience gained in this place divided by the number of levels of this place that you have seen.
                   A       B       C       D       E      F
               +-------+-------+-------+-------+-------+----------------------
         Total | 100.0 | 100.0 | 100.0 |   N/A | 100.0 | 585.0
       Dungeon |  88.4 |  89.9 |  76.0 |   N/A |  97.3 | 683.3
       Ossuary |  11.6 |  10.1 |  24.0 |   N/A |   2.7 | 187.0
               +-------+-------+-------+-------+-------+----------------------
